 Dungeon Crawl Stone Soup version 0.15.0-23-gc2b521c (webtiles) character file.

115496 dibs the Tortoise (level 16, -2/154 HPs)
             Began as a Minotaur Fighter on Sept 8, 2014.
             Was the Champion of Qazlal.
             Slain by a five-headed hydra (6 damage)
             ... on Level 1 of the Swamp.
             The game lasted 03:05:02 (33314 turns).

dibs the Tortoise (Minotaur Fighter)               Turns: 33314, Time: 03:05:02

HP  -2/154       AC 18     Str 23      XL: 16   Next: 18%
MP  45/45        EV 10     Int  7      God: Qazlal [******]
Gold 2046        SH 17     Dex 13      Spells:  1 memorised, 13 levels left

rFire  + . .     SeeInvis +     S - +4 demon whip (venom)
rCold  + . .     Clarity  .     q - +1 ring mail {rPois}
rNeg   . . .     rCorr    .     J - +2 buckler {rC+}
rPois  +         rRot     .     Y - +0 mask of the Dragon {MR+ Slay+3 SInv}
rElec  .         Spirit   .     n - +0 cloak
SustAb .         Warding  .     P - +1 pair of gloves
rMut   .         Stasis   .     (no boots)
Gourm  .                        (no amulet)
MR     ++...                    D - ring "Equporgh" {MP+9 Slay+4}
                                x - ring of magical power

@: protected from physical damage, very slightly contaminated, hasted, repel
missiles, very quick, very resistant to hostile enchantments, extremely
unstealthy
A: retaliatory headbutt, horns 2, fire resistance 1, high mp 1, shaggy fur 1
a: Upheaval, Elemental Force, Disaster Area, Renounce Religion


You were on level 1 of the Swamp.
You worshipped Qazlal.
Qazlal was exalted by your worship.
You were hungry.

You visited 6 branches of the dungeon, and saw 31 of its levels.
You also visited: Labyrinth, Sewer, Bailey, Ice Cave and Volcano.

You collected 3686 gold pieces.
You spent 1640 gold pieces at shops.

Inventory:

Hand weapons
 C - the +6 eveningstar "Zuolor" {antimagic, rElec Int+2}
   (You acquired it on level 8 of the Lair of Beasts)

   It disrupts the flow of magical energy around spellcasters and certain
   magical creatures (including the wielder).
   It affects your intelligence (+2).
   It insulates you from electricity.
 L - a +2 flail of protection
 S - a +4 demon whip of venom (weapon)
Missiles
 W - 3 tomahawks of returning (quivered)
Armour
 n - a +0 cloak (worn)
 q - a +1 ring mail of poison resistance (worn)
 J - a +2 buckler of cold resistance (worn)
 P - a +1 pair of gloves (worn)
 Q - a +1 buckler of fire resistance
 Y - the +0 mask of the Dragon (worn) {MR+ Slay+3 SInv}
   (You bought it in a shop on level 1 of the Orcish Mines)

   It affects your accuracy and damage with ranged weapons and melee attacks
   (+3).
   It affects your resistance to hostile enchantments.
   It enhances your eyesight.
 Z - a +3 plate armour of fire resistance
Magical devices
 l - a wand of disintegration (12)
 H - a wand of digging (3)
 O - a wand of draining (4)
 R - a wand of slowing (11)
 V - a wand of paralysis (13)
Comestibles
 a - 14 royal jellies
 c - 2 meat rations
 d - 12 bread rations
 i - 29 fruits
 k - 2 rotting chunks of crocodile flesh
Scrolls
 b - 6 scrolls of enchant armour
 e - 9 scrolls of teleportation
 h - 27 scrolls of identify
 t - a scroll of recharging
 v - 2 scrolls of fog
 z - 3 scrolls of enchant weapon
 A - a scroll of fear
 B - 8 scrolls of magic mapping
 G - 2 scrolls of remove curse
Jewellery
 g - an uncursed ring of protection from cold
 o - an uncursed ring of fire
 u - a +3 ring of dexterity
 x - a ring of magical power (left hand)
 y - an uncursed ring of protection from magic
 D - the ring "Equporgh" (right hand) {MP+9 Slay+4}
   (You bought it in a shop on level 4 of the Orcish Mines)

   [ring of magical power]

   It affects your accuracy and damage with ranged weapons and melee attacks
   (+4).
   It affects your magic capacity (+9).
 E - an uncursed ring of flight
Potions
 f - 18 potions of curing
 j - 3 potions of cure mutation
 m - a potion of brilliance
 p - 6 potions of heal wounds
 r - 4 potions of agility
 s - 3 potions of resistance
 w - 6 potions of haste
 F - 6 potions of berserk rage
 I - a potion of cancellation
 K - 5 potions of restore abilities


   Skills:
 * Level 16.8 Fighting
 * Level 16.8 Maces & Flails
   Level 7.4 Bows
 * Level 16.9 Armour
 - Level 12.7 Shields
 + Level 9.3 Invocations


You had 13 spell levels left.
You knew the following spells:

 Your Spells              Type           Power        Failure   Level  Hunger
a - Blink                 Tloc           N/A          73%         2    ###....


Dungeon Overview and Level Annotations

Branches:
Dungeon (15/15)            Temple (1/1) D:6             Orc (4/4) D:11
    Elf (0/3) Orc:4          Lair (8/8) D:8           Swamp (2/5) Lair:6
 Spider (0/5) Lair:5        Slime (0/6) Lair:7       Vaults (0/5) D:13
 Depths (1/5) D:15

Altars:
Ashenzari
Cheibriados
Dithmenos
Elyvilon
Fedhas
Kikubaaqudgha
Makhleb
Nemelex Xobeh
Okawaru
Qazlal
Sif Muna
Trog
Vehumet
Xom
Yredelemnul
Zin
The Shining One
Beogh
Jiyva

Shops:
D:6 ?   D:10 *   D:11 :   D:14 :!   Orc:1 [   Orc:3 %   Orc:4 =[*?

Portals:
Hell: Lair:8 Depths:1


Innate Abilities, Weirdness & Mutations

You reflexively headbutt those who attack you in melee.
You have a pair of horns on your head.
Your flesh is heat resistant.
You have an increased reservoir of magic (+10% MP).
You are covered in fur (AC +1).


Message History

You enter the shallow water.
Moving in this stuff is going to be slow.
The swamp drake breathes noxious fumes at you.
The noxious blast hits you!
You thrash the five-headed hydra!!
The five-headed hydra is moderately wounded.
Unknown command.
Unknown command.
Unknown command.
Your unstable footing causes you to fumble your attack.
The insubstantial wisp blinks!
You block the five-headed hydra's attack.
The five-headed hydra bites you but does no damage.
The five-headed hydra bites you!
* * * LOW HITPOINT WARNING * * *
You feel more protected from physical attacks.
The five-headed hydra bites you!
* * * LOW HITPOINT WARNING * * *
The five-headed hydra bites you.
You die...

♣.♣≈≈♣♣ ♣..≈..≈
♣.≈≈≈≈.≈.
♣♣.≈.≈♣...$
♣≈≈≈.♣≈§≈.≈
♣.≈≈...≈≈≈♣
♣♣v≈≈♣≈≈≈≈≈≈.
♣.k§>≈.≈..≈≈≈
♣♣@vw§.≈≈.≈..≈
♣§%D§≈.≈§.≈?.
♣....§§§♣≈v≈≈....§.
≈..≈§§§≈≈♣♣v♣..≈≈.
?.≈..♣§♣♣♣ .≈≈.≈≈
?...... .....
....?. ...≈ .#### #


You could see a five-headed hydra, a swamp worm, a swamp drake and 4
insubstantial wisps.

Vanquished Creatures
  Kirke (D:15)
  An emperor scorpion (D:15)
  A stone giant (Orc:2)
  A minotaur (Lab)
  The ghost of Mayheim the Impaler, a powerful MiBe of Trog (Orc:3)
  Snorg (Lair:6)
  The ghost of Bubba the Grappler, a powerful TrMo of Makhleb (Orc:3)
  A fire dragon (D:13)
  A yaktaur captain (D:15)
  5 hydras
  An ogre mage (D:15)
  The ghost of Gigax the Geomancer, a powerful DDEE of Makhleb (D:11)
  Harold (D:14)
  2 ice dragons (IceCv)
  5 centaur warriors
  The ghost of gigot the Grappler, an experienced MiMo of Trog (D:9)
  An alligator (Swamp:2)
  A tengu warrior (D:14)
  9 death yaks
  2 sun demons
  4 orc high priests
  A hell knight (D:15)
  A catoblepas (Lair:7)
  A deep elf knight (D:15)
  Erolcha (Orc:2)
  4 unseen horrors
  2 ice statues (IceCv)
  2 lindwurms
  5 orc knights
  5 hill giants
  A wizard (Lair:8)
  An ugly thing (D:12)
  2 griffons
  5 orc sorcerers
  2 manticores
  5 elephants
  2 cyclopes
  11 orange demons
  2 sixfirhies
  A centaur zombie (D:15)
  A torpor snail (Lair:6)
  A gargoyle (D:11)
  7 black mambas
  15 spiny frogs
  9 komodo dragons
  6 yaktaurs (D:15)
  5 fire drakes
  2 kobold demonologists
  A guardian mummy (Volcano)
  An item mimic (D:14)
  4 blue devils (Lair:8)
  2 hydra zombies
  4 red devils
  2 hellwings
  A queen bee (D:15)
  Sonja (Orc:3)
  A bog body (Swamp:1)
  5 trolls
  5 ravens
  4 slime creatures (D:14)
  2 two-headed ogres (D:9)
  29 blink frogs
  A basilisk (Lair:3)
  2 flying skulls (Volcano)
  2 baby alligators (Swamp:2)
  A ynoxinul (Orc:4)
  37 yaks
  2 wraiths
  3 hogs (D:15)
  3 vampires
  An air elemental (D:14)
  2 fire elementals
  A steam dragon (D:11)
  Eustachio (D:6)
  4 deep elf magi
  Grum (D:10)
  2 hungry ghosts
  14 wolves
  A deep elf fighter (D:8)
  5 wyverns
  3 hill giant skeletons (Volcano)
  Menkaure (D:4)
  3 wargs
  8 porcupines
  15 vampire mosquitoes
  9 hippogriffs
  28 orc warriors
  30 ice beasts
  A mottled dragon (D:15)
  13 water moccasins
  2 merfolk skeletons (Volcano)
  A phantom (D:9)
  3 black bears
  3 yellow wasps
  22 crocodiles
  8 sky beasts
  A manticore skeleton (D:15)
  14 ogres
  2 brain worms
  22 centaurs
  5 big kobolds
  A boring beetle (Lair:8)
  2 gnoll sergeants
  An insubstantial wisp (Swamp:2)
  A yaktaur skeleton (D:14)
  20 giant frogs
  A hippogriff zombie (D:11)
  29 killer bees
  9 scorpions
  3 troll skeletons (Volcano)
  16 wights
  6 crimson imps
  3 giant frog zombies
  4 quasits
  7 goliath beetles
  A black bear zombie (D:7)
  6 jellies
  40 orc priests
  9 hounds
  43 orc wizards
  An elf skeleton (D:10)
  An elf zombie (D:11)
  11 iguanas
  4 centaur skeletons
  A two-headed ogre skeleton (Volcano)
  16 sheep
  15 worker ants
  2 ogre zombies
  Jessica (D:2)
  5 mummies
  2 naga skeletons (Volcano)
  3 ogre skeletons
  A hound skeleton (D:4)
  25 adders
  33 gnolls
  75 green rats
  3 giant mites (Lair:5)
  A goliath beetle zombie (D:5)
  9 shadow imps
  4 worms
  An adder zombie (D:6)
  An iguana zombie (D:6)
  An ooze (D:2)
  194 orcs
  A bat skeleton (D:8)
  5 giant cockroaches
  31 hobgoblins
  12 quokkas
  2 ball pythons
  14 bats
  4 giant geckos
  3 giant newts
  16 goblins
  A goblin zombie (Orc:4)
  A hobgoblin skeleton (Orc:4)
  15 jackals
  44 kobolds
  18 orc skeletons
  7 orc zombies
  2 quokka skeletons
  2 quokka zombies
  25 rats
  A rat skeleton (D:6)
  3 ballistomycetes
  8 bushes
  75 fungi
  53 plants
1436 creatures vanquished.

Vanquished Creatures (collateral kills)
  Nergalle (D:14)
  A hill giant (D:14)
  An orc knight (Orc:4)
  A griffon (Lair:8)
  A two-headed ogre (D:15)
  A raven (D:14)
  An orc warrior (Orc:2)
  3 ogres
  2 orc wizards
  4 green rats (Lair:8)
  An adder (Lair:8)
  6 orcs
23 creatures vanquished.

Vanquished Creatures (others)
  An air elemental (Orc:3)
  A fire elemental (Orc:4)
  A human (D:15)
  A centaur (D:15)
  An orc (Orc:4)
  2 jackals (D:3)
  2 giant spores
  A ballistomycete (D:14)
  2 fungi
  4 plants
16 creatures vanquished.

Grand Total: 1475 creatures vanquished

Notes
Turn   | Place    | Note
--------------------------------------------------------------
     0 | D:1      | dibs, the Minotaur Fighter, began the quest for the Orb.
     0 | D:1      | Reached XP level 1. HP: 19/19 MP: 1/1
   468 | D:1      | Reached XP level 2. HP: 25/27 MP: 1/1
   634 | D:1      | Reached skill level 4 in Fighting
   817 | D:2      | Noticed Jessica
   826 | D:2      | Killed Jessica
   826 | D:2      | Reached XP level 3. HP: 29/33 MP: 2/2
  1409 | D:2      | Reached XP level 4. HP: 31/41 MP: 2/2
  1615 | D:3      | Reached XP level 5. HP: 28/47 MP: 2/2
  1621 | D:3      | Reached skill level 5 in Fighting
  1621 | D:3      | Reached skill level 5 in Armour
  1976 | D:3      | Reached XP level 6. HP: 56/56 MP: 3/3
  2736 | D:4      | Noticed Menkaure
  2753 | D:4      | Killed Menkaure
  2753 | D:4      | Reached skill level 5 in Maces & Flails
  2914 | D:4      | Reached skill level 6 in Fighting
  3183 | D:4      | Reached XP level 7. HP: 63/63 MP: 3/3
  3592 | D:4      | Reached skill level 5 in Shields
  3659 | D:5      | Entered Level 5 of the Dungeon
  3940 | D:5      | Reached skill level 7 in Fighting
  3940 | D:5      | Reached XP level 8. HP: 70/73 MP: 3/3
  4305 | D:6      | Noticed Eustachio
  4312 | D:6      | Killed Eustachio
  4416 | D:6      | Found a glowing drain.
  4433 | Sewer    | Entered a sewer
  4535 | Sewer    | Found a glowing silver altar of Zin.
  4641 | D:6      | Found a staircase to the Ecumenical Temple.
  4651 | Temple   | Entered the Ecumenical Temple
  4739 | Temple   | Became a worshipper of Qazlal Stormbringer
  4927 | D:6      | Found a blossoming altar of Fedhas.
  4937 | D:6      | Reached skill level 8 in Fighting
  5188 | D:6      | Found Ejuadif's Magic Scroll Boutique.
  5199 | D:6      | Bought a scroll of teleportation for 42 gold pieces
  5199 | D:6      | Bought a scroll of teleportation for 42 gold pieces
  5199 | D:6      | Bought a scroll of teleportation for 42 gold pieces
  5199 | D:6      | Bought a scroll of identify for 28 gold pieces
  5528 | D:7      | Reached XP level 9. HP: 64/82 MP: 4/4
  5534 | D:7      | Acquired Qazlal's first power
  5623 | D:7      | Reached skill level 9 in Fighting
  6232 | D:8      | Acquired Qazlal's second power
  6447 | D:8      | Found a staircase to the Lair.
  6504 | D:8      | Reached skill level 10 in Fighting
  6714 | D:8      | Acquired Qazlal's third power
  6714 | D:8      | Reached XP level 10. HP: 93/93 MP: 4/4
  7054 | Lair:1   | Entered Level 1 of the Lair of Beasts
  7057 | Lair:1   | Reached skill level 10 in Maces & Flails
  7278 | Lair:1   | Noticed a black mamba
  7287 | Lair:1   | Killed a black mamba
  7287 | Lair:1   | Reached skill level 10 in Armour
  7287 | Lair:1   | Reached skill level 1 in Invocations
  7605 | Lair:1   | Noticed a black mamba
  7617 | Lair:1   | Killed a black mamba
  8781 | Lair:1   | Noticed a six-headed hydra
  8793 | Lair:1   | Killed a six-headed hydra
  8793 | Lair:1   | Reached skill level 11 in Fighting
  8793 | Lair:1   | Reached skill level 1 in Bows
  9355 | D:9      | Found a flagged portal.
  9368 | Bailey   | Entered a bailey
  9415 | Bailey   | Acquired Qazlal's fourth power
  9494 | Bailey   | Noticed an orc knight
  9513 | Bailey   | Killed an orc knight
  9513 | Bailey   | Reached XP level 11. HP: 31/102 MP: 7/8
  9852 | D:9      | Noticed gigot's ghost (experienced MiMo)
  9871 | D:9      | Killed gigot's ghost
 10590 | D:10     | Entered Level 10 of the Dungeon
 10635 | D:10     | Acquired Qazlal's fifth power
 10653 | D:10     | Found Oserhin's General Store.
 10660 | D:10     | Noticed Grum
 10663 | D:10     | Killed Grum
 10712 | D:10     | Bought a scroll of magic mapping for 49 gold pieces
 10712 | D:10     | Bought a scroll of remove curse for 42 gold pieces
 11234 | Lair:1   | Gained mutation: Your flesh is heat resistant. [potion of mutation]
 11234 | Lair:1   | Gained mutation: You have an increased reservoir of magic (+10% MP). [potion of mutation]
 11234 | Lair:1   | Gained mutation: You are covered in fur (AC +1). [potion of mutation]
 11379 | Lair:2   | Reached skill level 12 in Armour
 12606 | Lair:3   | Reached XP level 12. HP: 112/112 MP: 15/15
 13378 | Lair:4   | Reached skill level 5 in Invocations
 13382 | Lair:4   | Found a snail-covered altar of Cheibriados.
 13519 | Lair:4   | Reached skill level 5 in Bows
 14323 | Lair:5   | Reached skill level 13 in Armour
 14585 | Lair:5   | Found a hole to the Spider Nest.
 16113 | D:11     | Reached XP level 13. HP: 74/122 MP: 14/19
 16124 | D:11     | Noticed Gigax's ghost (powerful DDEE)
 16140 | D:11     | Killed Gigax's ghost
 16182 | D:11     | Reached skill level 10 in Shields
 16210 | D:11     | Found a staircase to the Orcish Mines.
 16231 | D:11     | Found Odaesida's Book Shop.
 16323 | D:11     | Noticed a centaur warrior
 16332 | D:11     | Killed a centaur warrior
 16879 | Orc:1    | Entered Level 1 of the Orcish Mines
 17275 | Orc:1    | Found Praps' Antique Armour Shop.
 17337 | Orc:1    | Bought the +0 mask of the Dragon {MR+ Slay+3 SInv} for 768 gold pieces
 17979 | Orc:2    | Noticed Erolcha
 18040 | Orc:2    | Killed Erolcha
 18385 | Orc:2    | Found a roughly hewn altar of Beogh.
 18496 | Orc:3    | Noticed Sonja
 18501 | Orc:3    | Noticed Bubba's ghost (powerful TrMo)
 18513 | Orc:3    | Killed Sonja
 18520 | Orc:3    | Killed Bubba's ghost
 18520 | Orc:3    | Reached skill level 14 in Armour
 19029 | Orc:3    | Noticed Mayheim's ghost (powerful MiBe)
 19054 | Orc:3    | Found a dark tunnel.
 19060 | Volcano  | Entered a volcano
 19626 | Orc:3    | Killed Mayheim's ghost
 19690 | Orc:3    | Found a roughly hewn altar of Beogh.
 19913 | Orc:3    | Found Triufaopt's Food Emporium.
 20208 | Orc:4    | Entered Level 4 of the Orcish Mines
 20884 | Orc:4    | Found a staircase to the Elven Halls.
 21619 | Orc:3    | Reached XP level 14. HP: 91/132 MP: 21/22
 21982 | Orc:4    | Found Irchuan's General Store.
 21982 | Orc:4    | Found Xuywa's Antique Armour Shoppe.
 22025 | Orc:4    | Found Ghoxt's Magic Scroll Boutique.
 22042 | Orc:4    | Bought a scroll of enchant weapon for 90 gold pieces
 22042 | Orc:4    | Bought a scroll of random uselessness for 12 gold pieces
 22047 | Orc:4    | Found Kyfar's Jewellery Boutique.
 22057 | Orc:4    | Bought the ring "Equporgh" {MP+9 Slay+4} for 525 gold pieces
 22354 | D:12     | Found a frozen archway.
 22415 | IceCv    | Entered an ice cave
 23409 | D:12     | Reached skill level 15 in Maces & Flails
 23409 | D:12     | Reached skill level 15 in Armour
 24145 | D:13     | Found a gate to the Vaults.
 24286 | D:13     | Found a deep blue altar of Sif Muna.
 24948 | D:14     | Got a distressingly furry leather armour
 24973 | D:14     | Found a labyrinth entrance.
 24991 | Lab      | Entered a labyrinth
 25657 | Lab      | Reached skill level 15 in Fighting
 25707 | D:14     | Noticed Nergalle
 25727 | D:14     | Killed Nergalle
 25771 | D:14     | Identified the cursed +0 leather armour of the Locust {Dex+3} (You found it on level 14 of the Dungeon)
 26953 | D:14     | Found Chiesiar's Distillery.
 27142 | D:14     | Found Goduatt's Book Boutique.
 27147 | D:14     | Noticed Harold
 27153 | D:14     | Killed Harold
 27165 | D:14     | Learned a level 2 spell: Blink
 27510 | D:15     | Entered Level 15 of the Dungeon
 27515 | D:15     | Noticed Kirke
 27659 | D:15     | Reached XP level 15. HP: 75/141 MP: 24/24
 28170 | D:15     | Found a staircase to the Depths.
 28318 | D:15     | Killed Kirke
 28657 | D:15     | Got a transparent leather armour
 28791 | D:15     | Reached skill level 16 in Armour
 29194 | Depths:1 | Entered Level 1 of the Depths
 29197 | Depths:1 | Found a gateway to Hell.
 29647 | Lair:6   | Noticed Snorg
 29658 | Lair:6   | Killed Snorg
 29737 | Lair:6   | Identified the cursed +0 leather armour of Minor Irritation {SInv} (You found it on level 15 of the Dungeon)
 30248 | Lair:6   | Found a staircase to the Swamp.
 30776 | Lair:7   | Found a viscous altar of Jiyva.
 30777 | Lair:7   | Found a staircase to the Slime Pits.
 31523 | Lair:8   | Entered Level 8 of the Lair of Beasts
 32044 | Lair:8   | Identified a scroll of acquirement
 32080 | Lair:8   | Got a polished eveningstar
 32086 | Lair:8   | Identified the +6 eveningstar "Zuolor" {antimagic, rElec Int+2} (You acquired it on level 8 of the Lair of Beasts)
 32326 | Lair:8   | Reached XP level 16. HP: 152/152 MP: 15/27
 32720 | Lair:8   | Found a burning altar of Makhleb.
 33244 | Swamp:1  | Entered Level 1 of the Swamp
 33314 | Swamp:1  | HP: 4/154 [five-headed hydra (9)]
 33314 | Swamp:1  | Slain by a five-headed hydra

Action                   |  1- 3 |  4- 6 |  7- 9 | 10-12 | 13-15 | 16-18 || total
-------------------------+-------+-------+-------+-------+-------+-------++-------
Melee: Flail             |    61 |   154 |   308 |       |    38 |       ||   561
       Mace              |       |       |   233 |       |     6 |       ||   239
       Morningstar       |       |       |    22 |   360 |       |       ||   382
       Demon whip        |       |       |       |   549 |  1433 |    91 ||  2073
       Unarmed           |       |       |       |     5 |   197 |       ||   202
       Eveningstar       |       |       |       |       |    10 |    45 ||    55
Invok: Elemental Force   |       |       |       |     1 |    10 |       ||    11
       Disaster Area     |       |       |       |       |     2 |     1 ||     3
       Upheaval          |       |       |       |       |     1 |       ||     1
Evoke: Wand              |       |       |       |       |    11 |       ||    11
  Use: Potion            |       |     2 |       |    16 |     4 |     6 ||    28
       Scroll            |       |       |     3 |    10 |    18 |     1 ||    32
 Stab: Distracted        |       |       |       |       |     1 |       ||     1
  Eat: Chunk             |     1 |     6 |    12 |    18 |    30 |     2 ||    69
       Fruit             |       |       |     1 |     3 |     4 |       ||     8
       Pizza             |       |       |       |     1 |     1 |     1 ||     3
       Bread ration      |       |       |       |     1 |       |       ||     1
       Meat ration       |       |       |       |     1 |     3 |       ||     4
       Beef jerky        |       |       |       |     1 |     2 |       ||     3
